 Dungeon Sprint DCSS version 0.21-a0-59-g7b0e191 (webtiles) character file.

3931 Kidiri the Basher (level 10, -12/102 HPs)
             Began as a Troll Fighter on June 16, 2017.
             Was a High Priest of Wu Jian.
             Mangled by a vampire knight
             ... wielding a cursed +0 great sword
              (34 damage)
             ... in the Dungeon (Sprint VII: "The Pits").
             The game lasted 00:08:02 (931 turns).

Kidiri the Basher (Troll Fighter)                    Turns: 931, Time: 00:08:03

Health: -12/102    AC:  5    Str: 29    XL:     10   Next: 1%
Magic:  9/9        EV: 16    Int:  4    God:    Wu Jian [*****.]
Gold:   0          SH:  0    Dex: 15    Spells: 9/9 levels left

rFire    . . .     SeeInvis .   a - +2 dire flail (crush)
rCold    . . .     Gourm    +   (shield currently unavailable)
rNeg     . . .     Faith    .   b - +0 robe
rPois    .         Spirit   .   (helmet restricted)
rElec    .         Reflect  .   (no cloak)
rCorr    .         Harm     .   (gloves unavailable)
MR       .....     Clarity  +   (boots unavailable) Stlth ++........NoTele +
                                (no amulet)
HPRegen  0.67/turn              q - +3 ring of dexterity
MPRegen  0.11/turn              r - +3 ring of dexterity

@: slowed, glowing, heavenly storm, very slow
A: unfitting armour, claws 3, clarity, fast metabolism 3, gourmand, mutation
resistance 1, regeneration 1, shaggy fur 1, tough skin 2
a: Serpent's Lash, Heavenly Storm, Renounce Religion


You were in the Dungeon.
You worshipped Wu Jian.
Wu Jian was extremely pleased with you.
You were very full.

You visited 1 branch

Inventory:

Hand Weapons
 a - a +2 dire flail of crushing (weapon)
Armour
 b - a +0 robe (worn)
Jewellery
 q - a +3 ring of dexterity (left claw)
 r - a +3 ring of dexterity (right claw)
Scrolls
 k - a scroll of blinking
 l - 3 scrolls of remove curse
 m - 5 scrolls of amnesia
 n - a scroll of summoning
Potions
 c - 2 potions of invisibility
 d - 2 potions of might
 e - 7 potions of curing
 g - 6 potions of heal wounds
 i - 4 potions of magic
 j - 3 potions of berserk rage
 s - a potion of agility
Comestibles
 f - 9 bread rations
 h - 22 chunks of flesh
 o - 40 fruits
 p - 7 meat rations


   Skills:
 + Level 7.4 Fighting
 * Level 10.9 Maces & Flails
 + Level 7.0 Armour
 * Level 10.3 Dodging
 * Level 7.7 Stealth
   Level 2.4 Shields


You had 9 spell levels left.
You didn't know any spells.

Dungeon Overview and Level Annotations

Branches:
Dungeon (1/1)

Altars:
Ashenzari
Cheibriados
Dithmenos
Elyvilon
Fedhas
Gozag
Hepliaklqana
Kikubaaqudgha
Makhleb
Nemelex Xobeh
Okawaru
Qazlal
Ru
Sif Muna
Trog
Uskayaw
Vehumet
Wu Jian
Xom
Yredelemnul
Zin
The Shining One
Beogh
Jiyva
Lugonu

Annotations:
D Sonja


Innate Abilities, Weirdness & Mutations

You are too large for most types of armour.
You have claws for hands.
Your metabolism is lightning-fast.
You like to eat raw meat.
Your natural rate of healing is unusually fast.
You are covered in fur. (AC +1)
You have very tough skin. (AC +2)
You possess an exceptional clarity of mind.
You are somewhat resistant to further mutation.


Message History

You feel very sick. Sonja barely misses you. Sonja hits you but does no damage.
You are more poisoned.
Sonja misses you.
Sonja casts a spell.
Sonja blinks!
The orc warrior misses you.
A tyrant leech and a redback come into view.
You feel better.
The vampire knight completely misses you.
The vampire knight bites you but does no damage.
The orc warrior hits you with a dire flail!!
* * * LOW HITPOINT WARNING * * *
Unknown command.
You spin and attack the orc warrior.
You thump the orc warrior!
You kill the orc warrior!
The Council accepts your kill.
Your Armour skill increases to level 7!
You have reached level 10!
The vampire knight hits you with a great sword!!
You die...

#.....##..## ..#
#...###....### ... .
#..##........###K### .#
#'÷#...#..#...#....#.s#
#.[)).........+....'.
#++#...#..#...#§§w.
#..##........###K##
#...###....###§§V§#
#.....##..##.§§§@##
##...).+..'..§§§##
###...+..'.§§###
############


You could see a vampire knight and Sonja.

Vanquished Creatures
  An orc knight (D)
  2 deep elf magi (D)
  A smoke demon (D)
  2 orange demons (D)
  A guardian mummy (D)
  Eustachio (D)
  A steam dragon (D)
  A hungry ghost (D)
  Menkaure (D)
  A warg (D)
  A floating eye (D)
  An ice beast (D)
  3 orc warriors (D)
  A centaur (D)
  A scorpion (D)
  3 killer bees (D)
  A wight (D)
  A gnoll shaman (D)
  An orc priest (D)
  An orc wizard (D)
  3 worker ants (D)
  A mummy (D)
  An adder (D)
  3 gnolls (D)
  An ufetubus (D)
  An ooze (D)
  A worm (D)
  A leopard gecko (D)
  11 orcs (D)
  A bat (D)
  A bat skeleton (D)
  A hobgoblin (D)
  A frilled lizard (D)
  A giant cockroach zombie (D)
  A jackal skeleton (D)
  A rat (D)
56 creatures vanquished.

Notes
Turn   | Place    | Note
-------+----------+-------------------------------------------
     0 | D        | Kidiri the Troll Fighter began the quest for the Orb.
     0 | D        | Reached XP level 1. HP: 22/22 MP: 0/0
    93 | D        | Found a bloodstained altar of Trog.
    93 | D        | Found a deep blue altar of Sif Muna.
    93 | D        | Found a viscous altar of Jiyva.
    93 | D        | Found a hazy altar of Hepliaklqana.
    93 | D        | Found an opulent altar of Gozag.
    94 | D        | Found a glowing golden altar of the Shining One.
    94 | D        | Found a glowing silver altar of Zin.
    94 | D        | Found a basalt altar of Yredelemnul.
    94 | D        | Found a shimmering altar of Xom.
    94 | D        | Found an ornate altar of the Wu Jian Council.
    94 | D        | Found a sacrificial altar of Ru.
    94 | D        | Found a stormy altar of Qazlal.
    94 | D        | Found an iron altar of Okawaru.
    94 | D        | Found a sparkling altar of Nemelex Xobeh.
    94 | D        | Found a burning altar of Makhleb.
    94 | D        | Found a blossoming altar of Fedhas.
    94 | D        | Found a white marble altar of Elyvilon.
    94 | D        | Found a shadowy altar of Dithmenos.
    94 | D        | Found a snail-covered altar of Cheibriados.
    96 | D        | Found a radiant altar of Vehumet.
    96 | D        | Found a corrupted altar of Lugonu.
    96 | D        | Found a roughly hewn altar of Beogh.
    97 | D        | Found a hide-covered altar of Uskayaw.
    97 | D        | Found an ancient bone altar of Kikubaaqudgha.
    97 | D        | Found a shattered altar of Ashenzari.
   103 | D        | Became a worshipper of the Wu Jian Council
   151 | D        | Reached * piety under Wu Jian
   154 | D        | Reached skill level 1 in Stealth
   160 | D        | Noticed a worker ant
   160 | D        | Noticed a floating eye
   164 | D        | Paralysed by a floating eye for 2 turns
   167 | D        | Reached XP level 2. HP: 29/29 MP: 1/1
   168 | D        | Killed a floating eye
   168 | D        | Reached ** piety under Wu Jian
   168 | D        | Reached XP level 3. HP: 37/37 MP: 2/2
   168 | D        | Reached XP level 4. HP: 45/45 MP: 3/3
   173 | D        | Reached XP level 5. HP: 52/54 MP: 4/4
   243 | D        | Noticed a deep elf mage
   245 | D        | Noticed an orc warrior
   267 | D        | Reached *** piety under Wu Jian
   267 | D        | Reached skill level 5 in Dodging
   286 | D        | Killed an orc warrior
   286 | D        | Reached skill level 5 in Maces & Flails
   304 | D        | Reached **** piety under Wu Jian
   359 | D        | Noticed an ice beast
   360 | D        | Noticed an ice beast
   362 | D        | Noticed an ice beast
   383 | D        | Killed a deep elf mage
   383 | D        | Reached skill level 5 in Fighting
   383 | D        | Reached XP level 6. HP: 22/66 MP: 5/5
   383 | D        | Reached XP level 7. HP: 24/72 MP: 6/6
   466 | D        | Reached skill level 5 in Stealth
   506 | D        | Reached ***** piety under Wu Jian
   626 | D        | Noticed Menkaure
   626 | D        | Noticed a smoke demon
   630 | D        | Killed Menkaure
   631 | D        | Killed a smoke demon
   631 | D        | Reached skill level 5 in Armour
   631 | D        | Reached XP level 8. HP: 67/83 MP: 7/7
   660 | D        | Gained mutation: You possess an exceptional clarity of mind. [potion of mutation]
   660 | D        | Gained mutation: You are somewhat resistant to further mutation. [potion of mutation]
   733 | D        | Noticed Eustachio
   733 | D        | Noticed an orc knight
   738 | D        | Killed Eustachio
   742 | D        | Killed an orc knight
   744 | D        | Reached XP level 9. HP: 82/92 MP: 8/8
   765 | D        | Noticed an orange demon
   769 | D        | Noticed a guardian mummy
   777 | D        | Killed an orange demon
   777 | D        | Reached skill level 10 in Maces & Flails
   779 | D        | Killed a guardian mummy
   847 | D        | Noticed an orange demon
   847 | D        | Noticed a deep elf mage
   853 | D        | Killed a deep elf mage
   853 | D        | Reached skill level 10 in Dodging
   856 | D        | Killed an orange demon
   918 | D        | Noticed Sonja
   929 | D        | Noticed a vampire knight
   930 | D        | Noticed a tyrant leech
   931 | D        | Reached XP level 10. HP: 21/102 MP: 9/9
   931 | D        | Mangled by a vampire knight

Vault maps used:
D:        pitsprint

Skill      XL: |  1  2  3  4  5  6  7  8  9 |
---------------+----------------------------+-----
Maces & Flails | 2 4 7 8 9 10 | 10.9
Stealth        | 1 2 3 4 5 6 7 |  7.7
Dodging        | 3 4 7 8 9 10 | 10.3
Fighting       | 3 5 6 7 |  7.4
Armour         | 2 4 5 7 |  7.0
Shields        | |  2.4

Action                   |  1- 3 |  4- 6 |  7- 9 | 10-12 || total
-------------------------+-------+-------+-------+-------++-------
Melee: Unarmed           |    25 |    83 |    54 |       ||   162
       Dire flail        |       |       |    60 |       ||    60
Invok: Serpent's Lash    |       |     1 |     2 |       ||     3
       Heavenly Storm    |       |       |     5 |       ||     5
  Use: Potion            |       |     3 |     6 |       ||     9
 Stab: Sleeping          |       |       |     3 |       ||     3
  Eat: Chunk             |       |     5 |    15 |       ||    20
Armor: Robe              |    17 |    38 |    18 |       ||    73
Dodge: Dodged            |    10 |    77 |    75 |       ||   162
